 Dungeon Crawl Stone Soup version 0.26-a0-663-g36e8fdb655 (webtiles) character file.

Game seed: 12200829927568941661

49 Peloso the Shield-Bearer (level 3, 33/33 HPs)
             Began as a Minotaur Fighter on Oct 12, 2020.
             Got out of the dungeon alive.
             The game lasted 00:02:41 (1153 turns).

Peloso the Shield-Bearer (Minotaur Fighter)         Turns: 1153, Time: 00:02:42

Health: 33/33      AC:  9    Str: 19 (20) XL:     3   Next: 53%
Magic:  2/2        EV:  5    Int:  1 (3)  God:
Gold:   21         SH:  9    Dex:  9 (10) Spells: 2/2 levels left

rFire    . . .     SeeInvis .   a - +0 long sword
rCold    + . .     Faith    .   c - +0 kite shield
rNeg     . . .     Spirit   .   f - +0 chain mail
rPois    .         Reflect  .   (helmet restricted)
rElec    .         Harm     .   (no cloak)
rCorr    .         Rampage  .   (no gloves)
MR       .....     Clarity  +   (no boots)
Stlth    ..........             (no amulet)
HPRegen  0.11/turn              (no ring)
MPRegen  0.08/turn              (no ring)

@: no status effects
A: retaliatory headbutt, horns 2, clarity, cold resistance 1, deterioration 1,
dopey 1
a: no special abilities


You escaped.
You visited 1 branch of the dungeon, and saw 2 of its levels.

You collected 21 gold pieces.

Inventory:

Hand Weapons
 a - a +0 long sword (weapon)
Missiles
 e - 28 bolts
Armour
 b - a +0 scale mail
 c - a +0 kite shield (worn)
 f - a +0 chain mail (worn)
Jewellery
 j - an uncursed ring of protection from fire {unknown}
Scrolls
 h - 2 scrolls of remove curse {unknown}
 l - a scroll of fear {unknown}
 m - a scroll of random uselessness {unknown}
 p - a scroll of identify {unknown}
 q - a scroll of enchant weapon {unknown}
Potions
 d - 2 potions of might


   Skills:
 + Level 4.2 Fighting
 + Level 2.8 Long Blades
 + Level 4.0 Armour
 + Level 1.0 Dodging
 + Level 4.3 Shields


You had 2 spell levels left.
You didn't know any spells.
Your spell library was empty.

Dungeon Overview and Level Annotations

Branches:
Dungeon (2/15)

Altars:


Innate Abilities, Weirdness & Mutations

You reflexively headbutt those who attack you in melee.
You have a pair of horns on your head.
You possess an exceptional clarity of mind.
Your flesh is cold resistant. (rC+)
Your body sometimes deteriorates upon taking damage.
You are dopey. (Int -2)


Message History

You feel yourself wasting away.
You feel resistant to cold.
You feel stupid.
Your thoughts seem clearer.
You start waiting.
Your transformation is almost over.
You start waiting.
You feel less wooden.
Your +0 chain mail unmelds from your body.
You start waiting.
You feel less ready to backstab.
You start waiting.
Done waiting.
(D) Dungeon
Where to? (Enter - D:12, ? - help)
What level of the Dungeon? (default 1, ? - help)
There is a stone staircase leading up here.
You climb upwards.
There is a stone staircase leading down here.
There is a staircase leading out of the dungeon here.
Are you sure you want to leave the Dungeon?
This will make you lose the game!
You have escaped!

....# #######....# #)#
#. .[#.## .....#....#
#.# #. .##..#
.PP♣P#....# #.# #.
###### P.P..#.#..# ##.#
#. # .P...#.#..#
####..####. P.♣..#....#
#..........
♣PP♣.#....####.##.######
♣....#............#
.PP..#.@.#####.##.#
PP.P.#...# #.##.#
PPP..#...#####.##.#
.PPP.#......##.##.#
PP..P#.#.##.##.##.#
.P.PP#.#.##.##.##.#
♣P.PP#...##.##.##.#
######
PPPPP#......##.##.#
.....# ####
#....(..#.##.#


There were no monsters in sight!

Vanquished Creatures
  2 adders (D:2)
  An ooze (D:1)
  3 bats (D:1)
  3 giant cockroaches (D:1)
  6 goblins (D:1)
  3 hobgoblins
  2 ball pythons (D:1)
  A frilled lizard (D:2)
  A kobold (D:1)
  5 rats (D:1)
27 creatures vanquished.

Notes
Turn   | Place    | Note
-------+----------+-------------------------------------------
     0 | D:1      | Peloso the Minotaur Fighter began the quest for the Orb.
     0 | D:1      | Reached XP level 1. HP: 19/19 MP: 0/0
   184 | D:1      | Reached XP level 2. HP: 24/27 MP: 1/1
   713 | D:1      | Reached XP level 3. HP: 33/33 MP: 2/2
   773 | D:2      | Reached skill level 1 in Dodging
   960 | D:2      | Gained mutation: Your body sometimes deteriorates upon
                  | taking damage. [potion of mutation]
   960 | D:2      | Gained mutation: Your flesh is cold resistant. (rC+)
                  | [potion of mutation]
   960 | D:2      | Gained mutation: You are dopey. (Int -2) [potion of
                  | mutation]
   960 | D:2      | Gained mutation: You possess an exceptional clarity of
                  | mind. [potion of mutation]
  1153 | D:$      | Got out of the dungeon alive.

Illustrated notes

Levels and vault maps discovered:
D:1:      minmay_arrival_arboretum_small, layout_loops_ring
D:2:      layout_basic

Skill      XL: |  1  2  3 |
---------------+----------+-----
Armour         | 4 |  4.0
Shields        | 4 |  4.3
Fighting       | 4 |  4.2
Dodging        | 1 |  1.0
Long Blades    | |  2.8

Action                   || total
-------------------------++-------
Melee: Long sword        ||    66
       Headbutt          ||    10
  Use: Potion            ||     5
Armor: Chain mail        ||    40
Dodge: Dodged            ||    22
Block: Kite shield       ||    36
       Rpst.: Long sword ||     6

Table legend: (Time is in decaauts)
 A = Elapsed time spent in this place.
 B = Non-inter-level travel time spent in this place.
 C = Inter-level travel time spent in this place.
 D = Time resting spent in this place.
 E = Time spent auto-exploring this place.
 F = Levels seen in this place.
 G = Mean time per level.
                   A        B        C        D        E       F      G
               +--------+--------+--------+--------+--------+-----+--------+
         Total |   1176 |   1118 |     58 |    156 |    711 |   2 |  588.0 |
       Dungeon |   1176 |   1118 |     58 |    156 |    711 |   2 |  588.0 |
               +--------+--------+--------+--------+--------+-----+--------+

Top non-repeatable levels by time:
     D:1: 800 daAuts
     D:2: 375 daAuts
